 Dungeon Crawl Stone Soup version 0.28-a0-261-gc0b50483a2 (webtiles) character file.

Game seed: 16020568933142438243

51450 PentaManta the Brawler (level 14, -13/126 HPs)
             Began as a Ghoul Abyssal Knight on Aug 27, 2021.
             Was a High Priest of Lugonu.
             Killed from afar by a fire dragon (45 damage)
             ... with a blast of flame
             ... on level 6 of the Lair of Beasts.
             The game lasted 00:52:16 (28482 turns).

PentaManta the Brawler (Ghoul Abyssal Knight)      Turns: 28482, Time: 00:52:16

Health: -13/126    AC: 24    Str: 21    XL:     14   Next: 59%
Magic:  11/19      EV:  8    Int: 13    God:    Lugonu [*****.]
Gold:   3942       SH:  0    Dex:  8    Spells: 13/13 levels left

rFire   . . .      SeeInvis .     - Unarmed
rCold   + . .      Faith    .   (no shield)
rNeg    + + +      Spirit   .   s - +3 chain mail
rPois   ∞          Reflect  .   a - +1 helmet
rElec   .          Harm     .   c - +0 cloak
rCorr   +          Rampage  .   z - +2 pair of gloves
Will    +....                   r - +0 pair of boots
Stlth   ..........              J - amulet of regeneration
HPRegen 0.00/turn               C - ring of resist corrosion
MPRegen 0.16/turn               t - +6 ring of intelligence

@: inhibited regen
A: claws 1, cold resistance 1, negative energy resistance 3, inhibited
regeneration, torment resistance 2
a: Renounce Religion, Depart the Abyss, Bend Space, Banish, Corrupt, Enter the
Abyss


You were on level 6 of the Lair of Beasts.
You worshipped Lugonu.
Lugonu was extremely pleased with you.
You visited 2 branches of the dungeon, and saw 15 of its levels.
You visited the Abyss 1 time.
You also visited: Bailey.

You collected 3942 gold pieces.

Inventory:

Hand Weapons
 d - a +2 dagger of venom
Missiles
 h - 63 poisoned darts
 k - 7 curare-tipped darts
 m - 6 boomerangs
 q - 14 javelins
Armour
 a - a +1 helmet (worn)
 c - a +0 cloak (worn)
 r - a +0 pair of boots (worn)
 s - a +3 chain mail (worn)
 u - a +0 plate armour
 z - a +2 pair of gloves (worn)
 B - a +0 kite shield
Jewellery
 t - a +6 ring of intelligence (right hand)
 C - a ring of resist corrosion (left hand)
 D - a ring of fire
 J - an amulet of regeneration (around neck)
Wands
 g - a wand of mindburst (1) (quivered)
 p - a wand of digging (6)
 w - a wand of polymorph (10)
 x - a wand of paralysis (5)
 I - a wand of iceblast (16)
 L - a wand of charming (10)
Scrolls
 b - 6 scrolls of teleportation
 e - 4 scrolls of amnesia
 i - 3 scrolls of fear
 o - a scroll of identify
 y - a scroll of blinking
 A - a scroll of enchant armour
 F - a scroll of enchant weapon
 G - 2 scrolls of summoning
 K - a scroll of fog
 M - a scroll of silence {unknown}
Potions
 f - 5 potions of ambrosia
 j - 2 potions of brilliance
 l - a potion of might
 v - 4 potions of cancellation
 E - 2 potions of flight
 H - a potion of curing
Miscellaneous
 n - a phantom mirror


   Skills:
 - Level 12.0 Fighting
 - Level 11.0 Armour
 - Level 0.8 Dodging
 + Level 8.8 Shields
 + Level 16.4 Unarmed Combat
 - Level 8.0 Invocations


You had 13 spell levels left.
You didn't know any spells.
Your spell library contained the following spells:

 Spells                   Type           Power      Damage    Failure   Level
 Pain                     Necr           0%         1d4       88%         1
 Sandblast                Erth           0%         2d4       88%         1
 Shock                    Conj/Air       0%         1d3       88%         1
 Corpse Rot               Necr/Air       N/A        N/A       96%         2
 Passwall                 Tmut/Erth      0%         N/A       96%         2
 Poisonous Vapours        Pois/Air       0%         N/A       96%         2
 Call Canine Familiar     Summ           0%         N/A       99%         3
 Portal Projectile        Hex/Tloc       0%         N/A       99%         3
 Stone Arrow              Conj/Erth      0%         3d7       99%         3
 Summon Guardian Golem    Hex/Summ       0%         N/A       99%         3
 Swiftness                Air            0%         N/A       99%         3
 Airstrike                Air            0%         N/A       100%        4
 Animate Armour           Summ/Erth      0%         N/A       100%        4
 Hailstorm                Conj/Ice       0%         3d3       100%        4
 Leda's Liquefaction      Hex/Erth       0%         N/A       100%        4
 Agony                    Necr           0%         N/A       100%        5
 Excruciating Wounds      Necr           0%         N/A       100%        5
 Freezing Cloud           Conj/Ice/Air   0%         6-21      100%        5
 Lee's Rapid Deconstruct  Erth           0%         3d5*      100%        5
 Simulacrum               Ice/Necr       0%         N/A       100%        6
 Orb of Destruction       Conj           0%         N/A       100%        7
 Spellforged Servitor     Conj/Summ      0%         N/A       100%        7
 Lehudib's Crystal Spear  Conj/Erth      0%         10d2      100%        8
 Ice Form                 Ice/Tmut       Unusable   N/A       N/A         4
 Storm Form               Tmut/Air       Unusable   N/A       N/A         7

Dungeon Overview and Level Annotations

Branches:
Dungeon (9/15)             Temple (0/1) D:7            Lair (6/6) D:8
  Swamp (0/4) Lair:2       Spider (0/4) Lair:2        Slime (0/5) Lair:5
 Bailey (visited)
    Orc: D:9-12

Altars:
Ashenzari
Dithmenos
Elyvilon
Gozag
Hepliaklqana
Kikubaaqudgha
Ru
Vehumet
Wu Jian
Xom
The Shining One
Jiyva

Annotations:
D:9 Prince Ribbit
Lair:1 2 transporters


Innate Abilities, Weirdness & Mutations

You thrive by killing the living.
You are immune to poison.
You have sharp fingernails.
Your flesh is cold resistant. (rC+)
You are immune to negative energy. (rN+++)
You do not regenerate when monsters are visible.
You are immune to unholy pain and torment.


Message History

You barely miss the fire dragon.
The fire dragon is severely wounded.
You closely miss the fire dragon.
The fire dragon is severely wounded.
The fire dragon bites you but does no damage.
The fire dragon claws you but does no damage.
The fire dragon tramples you but does no damage.
You hit the fire dragon but do no damage.
The fire dragon is severely wounded.
The fire dragon bites you.
* * * LOW HITPOINT WARNING * * *
The fire dragon claws you but does no damage.
The fire dragon tramples you but does no damage.
You punch the fire dragon!
The fire dragon is severely wounded.
Press: ? - help, v - describe, . - travel
Here: a fire dragon (severely wounded) Some shallow water.
Okay, then.
Okay, then.
Okay, then.
Unknown command.
Press: ? - help, v - describe, . - travel
Here: a fire dragon (severely wounded) Some shallow water.
Press: ? - help, v - describe, . - travel
Here: a fire dragon (severely wounded) Some shallow water.
Press: ? - help, Shift-Dir - straight line, f/p - fire dragon
Aim: a fire dragon (severely wounded, chance to affect: 56%)
The fire dragon resists with significant effort.
The fire dragon bites you but does no damage.
The fire dragon claws you but does no damage.
The fire dragon tramples you but does no damage.
Press: ? - help, Shift-Dir - straight line, f/p - fire dragon
Aim: a fire dragon (severely wounded, chance to affect: 56%)
The fire dragon resists with significant effort.
The fire dragon breathes flames at you. The blast of flame hits you!!!
You die...

♣♣.≈≈≈≈.[ ♣♣≈≈....
♣.≈≈≈≈.$[ ♣♣.♣.≈...
♣≈≈≈≈..♣♣♣♣..≈≈≈♣♣.
♣.≈≈≈≈≈.♣♣.≈≈♣♣≈.♣.
♣≈≈≈≈≈.♣♣♣≈≈..♣♣≈..
♣≈≈≈≈≈.♣♣≈≈..♣♣♣≈.≈
♣≈≈≈≈.♣♣≈.≈..♣..♣≈.
♣.D≈≈≈≈♣♣♣≈..♣..♣.≈
♣.@.≈.♣♣≈≈.♣♣..♣♣♣≈
♣♣..≈≈≈≈≈..♣...♣♣≈.
♣...≈≈≈.♣♣♣♣♣.♣♣.≈
♣♣...≈≈.♣ ♣♣♣♣≈
♣♣♣♣♣♣♣♣ ###..[
############ #.....
##......[...#
#.....
#.#.........#
#.....
##..........#
##.....


You could see a fire dragon (catching breath).

Vanquished Creatures
  Snorg (Lair:3)
  10 hydras
  2 boulder beetles
  A catoblepas (Lair:2)
  A death yak (Lair:5)
  Sonja (Lair:4)
  A swamp dragon (Lair:6)
  A bog body (Lair:2)
  An oklob plant (Lair:4)
  5 elephants
  11 black mambas
  A torpor snail (Lair:6)
  13 cane toads
  8 komodo dragons
  4 rime drakes
  3 jumping spiders (Lair:2)
  12 polar bears
  13 blink frogs
  Grinder (D:6)
  A dream sheep (Lair:6)
  5 raiju (Lair:6)
  A vampire (D:9)
  5 redbacks (Lair:2)
  A spriggan (Lair:2)
  21 yaks
  A death yak simulacrum (Lair:6)
  A steam dragon (D:7)
  6 basilisks
  4 wargs (Lair:6)
  2 swamp worms (Lair:2)
  4 acid dragons
  A swamp drake (Lair:6)
  19 water moccasins
  12 hell hounds
  12 orc warriors
  A hornet zombie (D:7)
  12 black bears
  2 sky beasts
  An ogre (D:4)
  2 necrophages
  5 centaurs
  25 wolves
  3 kobold brigands
  A phantom (D:5)
  8 bullfrogs
  5 scorpions
  A water moccasin zombie (D:5)
  15 killer bees
  8 wights
  2 electric eels (Lair:1)
  2 vampire bats
  2 howler monkeys (D:9)
  3 centaur zombies
  4 hounds
  4 orc priests
  2 centaur skeletons (D:6)
  4 iguanas
  A gnoll shaman (D:6)
  Terence (D:3)
  3 orc wizards
  4 hell rats (Lair:4)
  A wolf simulacrum (Lair:6)
  A killer bee zombie (D:8)
  The ghost of sorkRocket the Ruffian, a weakling TrBe of Trog (D:3)
  A howler monkey skeleton (D:5)
  7 gnolls
  9 adders
  A shadow imp (D:6)
  2 white imps
  2 ufetubi (D:6)
  A worm (D:3)
  3 dart slugs
  25 orcs
  13 bats
  9 endoplasms
  2 giant cockroaches
  9 hobgoblins
  2 jackals (D:1)
  3 quokkas
  6 ball pythons
  4 frilled lizards
  13 goblins
  15 kobolds
  2 rats (D:2)
439 creatures vanquished.

Vanquished Creatures (others)
  42 fungi
  79 plants
121 creatures vanquished.

Grand Total: 560 creatures vanquished

Notes
Turn   | Place    | Note
-------+----------+-------------------------------------------
     0 | Abyss:1  | PentaManta the Ghoul Abyssal Knight began the quest for the
                  | Orb.
     0 | Abyss:1  | Reached XP level 1. HP: 19/19 MP: 1/1
    27 | Abyss:1  | Noticed an iron imp
    32 | Abyss:1  | Noticed a lich
    34 | D:1      | Escaped the Abyss
   285 | D:1      | Reached XP level 2. HP: 24/26 MP: 2/2
   289 | D:1      | Reached skill level 3 in Unarmed Combat
   448 | D:1      | You fall into a shaft and drop 1 floor!
   463 | D:2      | Reached * piety under Lugonu
   626 | D:2      | Reached XP level 3. HP: 31/31 MP: 3/3
   905 | D:2      | Reached skill level 4 in Unarmed Combat
  1179 | D:1      | Found a faded altar of an unknown god.
  1964 | D:3      | Reached XP level 4. HP: 37/38 MP: 4/4
  2088 | D:3      | Noticed Terence
  2425 | D:3      | Found a runed translucent door.
  2428 | D:3      | Noticed sorkRocket's ghost (weakling TrBe)
  2713 | D:3      | Killed Terence
  2714 | D:3      | Reached skill level 5 in Unarmed Combat
  2858 | D:3      | Reached ** piety under Lugonu
  3208 | D:3      | Killed sorkRocket's ghost
  3209 | D:3      | Reached XP level 5. HP: 19/45 MP: 5/5
  3477 | D:5      | Entered Level 5 of the Dungeon
  3493 | D:5      | Reached skill level 6 in Unarmed Combat
  3493 | D:5      | Noticed an ogre
  3503 | D:4      | Noticed an orc warrior
  3846 | D:3      | Reached XP level 6. HP: 42/51 MP: 6/6
  4130 | D:4      | Reached skill level 7 in Unarmed Combat
  4376 | D:4      | Reached skill level 8 in Unarmed Combat
  4381 | D:4      | Reached XP level 7. HP: 47/57 MP: 7/7
  4732 | D:4      | Found a shimmering altar of Xom.
  5163 | D:4      | Reached *** piety under Lugonu
  5396 | D:5      | Found an ancient bone altar of Kikubaaqudgha.
  5418 | D:5      | Reached skill level 9 in Unarmed Combat
  5441 | D:5      | Reached XP level 8. HP: 62/63 MP: 10/10
  5978 | D:6      | Reached skill level 5 in Invocations
  6519 | D:6      | Reached skill level 10 in Unarmed Combat
  6708 | D:6      | Noticed Grinder
  6725 | D:6      | Killed Grinder
  6830 | D:6      | Reached XP level 9. HP: 69/70 MP: 13/13
  7079 | D:6      | Found a shadowy altar of Dithmenos.
  7080 | D:6      | Found an opulent altar of Gozag.
  7965 | D:7      | Found a sacrificial altar of Ru.
  7984 | D:7      | Got the Disquisition on Feathers
  8244 | D:7      | Found a staircase to the Ecumenical Temple.
  8334 | D:8      | Reached **** piety under Lugonu
  8413 | D:7      | Reached skill level 5 in Fighting
  9198 | D:8      | Reached skill level 11 in Unarmed Combat
  9214 | D:8      | Reached XP level 10. HP: 72/83 MP: 14/14
 10451 | D:8      | Found a staircase to the Lair.
 10479 | D:8      | Reached skill level 5 in Armour
 11123 | D:9      | Found a flagged portal.
 11136 | Bailey   | Entered a bailey
 11136 | Bailey   | Noticed an orc knight
 12043 | Bailey   | Identified the +1 chain mail of Xiroura {rElec rPois Str-4
                  | Stlth+}
 12734 | Bailey   | Noticed an orc knight
 13204 | D:9      | Noticed Prince Ribbit
 13347 | D:9      | Found a hazy altar of Hepliaklqana.
 13388 | D:9      | Found a broken altar of Ashenzari.
 13470 | D:9      | Found an ornate altar of the Wu Jian Council.
 13502 | D:9      | Found a radiant altar of Vehumet.
 13808 | D:9      | Noticed a seven-headed hydra
 13850 | D:9      | Noticed a two-headed ogre
 13850 | D:9      | Noticed a centaur warrior
 13851 | D:9      | Banished a centaur warrior
 13851 | D:9      | Noticed a deep elf pyromancer
 13852 | D:9      | Reached XP level 11. HP: 48/95 MP: 4/16
 13852 | D:9      | Noticed a green ugly thing
 13852 | D:9      | Noticed a white ugly thing
 13852 | D:9      | Noticed a centaur warrior
 14259 | Lair:1   | Entered Level 1 of the Lair of Beasts
 14437 | Lair:1   | Identified the +5 war axe of Shame {freeze, +Blink Will-
                  | Int+7 Stlth+}
 14633 | Lair:1   | Noticed a six-headed hydra
 15021 | D:8      | Killed a six-headed hydra
 15283 | Lair:1   | Reached skill level 12 in Unarmed Combat
 15512 | Lair:1   | Found a transporter.
 15988 | Lair:1   | Found a transporter.
 16285 | Lair:2   | Reached skill level 10 in Fighting
 16603 | Lair:2   | Found an opulent altar of Gozag.
 17005 | Lair:2   | Noticed a bog body
 17030 | Lair:2   | Killed a bog body
 17589 | Lair:2   | Reached XP level 12. HP: 56/108 MP: 9/17
 17793 | Lair:2   | Found a hole to the Spider Nest.
 18081 | Lair:2   | Noticed a seven-headed hydra
 18097 | Lair:2   | Killed a seven-headed hydra
 18374 | Lair:2   | Noticed a catoblepas
 18723 | Lair:2   | Killed a catoblepas
 19238 | Lair:2   | Found a staircase to the Swamp.
 19528 | Lair:3   | Found a shadowy altar of Dithmenos.
 19532 | Lair:3   | Noticed a boulder beetle
 19553 | Lair:3   | Killed a boulder beetle
 19868 | Lair:3   | Noticed a six-headed hydra
 19881 | Lair:3   | Killed a six-headed hydra
 20834 | Lair:3   | Reached skill level 10 in Armour
 20871 | Lair:3   | Reached skill level 13 in Unarmed Combat
 21634 | Lair:4   | Identified a scroll of acquirement
 21663 | Lair:4   | Noticed Snorg
 21691 | Lair:3   | Killed Snorg
 21928 | Lair:4   | Noticed a seven-headed hydra
 22034 | Lair:4   | Killed a seven-headed hydra
 22346 | Lair:4   | Noticed a seven-headed hydra
 22504 | Lair:4   | Reached XP level 13. HP: 110/118 MP: 18/18
 22580 | Lair:4   | Noticed Sonja
 22582 | Lair:4   | Killed Sonja
 22768 | Lair:4   | Reached skill level 1 in Shields
 23809 | Lair:5   | Reached skill level 14 in Unarmed Combat
 24167 | Lair:5   | Found a viscous altar of Jiyva.
 24169 | Lair:5   | Found a staircase to the Slime Pits.
 25527 | Lair:5   | Acquired 1333 gold pieces
 25798 | Lair:6   | Entered Level 6 of the Lair of Beasts
 25827 | Lair:6   | Reached ***** piety under Lugonu
 26386 | Lair:5   | Reached skill level 5 in Shields
 26421 | Lair:6   | Acquired 1112 gold pieces
 26558 | Lair:6   | Reached skill level 15 in Unarmed Combat
 27049 | Lair:6   | Reached XP level 14. HP: 126/126 MP: 19/19
 27810 | Lair:6   | Reached skill level 16 in Unarmed Combat
 28482 | Lair:6   | Killed from afar by a fire dragon

Illustrated notes

Levels and vault maps discovered:
D:1:      ncdulo_halloftheorcs, layout_loops_ring,
          hellmonk_ecumenical_altar_pennies_from_heaven, serial_bayou_ford_a,
          dk_noncrumbling_3
D:2:      layout_loops_ring, minmay_unequal
D:3:      layout_basic, ebering_ghost_sewer_d, kennysheep_generic_room_4,
          uniq_terence
D:4:      layout_rooms, nicolae_overflow_hidden_temple
D:5:      layout_cave_pools, mainiacjoe_overflow_catwalk,
          eino_small_chamber_without_monster, minmay_misc_feat_tiny,
          chequers_decorated_corner
D:6:      layout_basic, gammafunk_temple_overflow_wave, uniq_grinder
D:7:      layout_basic, mainiacjoe_overflow_24_doors,
          nicolae_ru_sacrificial_ziggurat, minmay_temple_entry_nine_rooms,
          chequers_serial_rivers_room_b
D:8:      layout_gridville, lair_entry_dummy, minmay_misc_feat_tower,
          grunt_potential
D:9:      minmay_the_grid_triangle_9x9_rhombus_thin
          [minmay_the_grid_triangle_9x9_odd_lines,
          minmay_the_grid_triangle_9x9_prize_schism,
          minmay_the_grid_triangle_9x9_zippers_horizontal,
          minmay_the_grid_triangle_9x9_impossible_snake], layout_loops_ring,
          mainiacjoe_overflow_big_doors, mainiacjoe_overflow_two_lobes,
          enter_bailey_2, uniq_prince_ribbit1
Lair:1:   gammafunk_worm_tunnel, layout_hall_layers, serial_bayou,
          serial_bayou_pond_e, serial_bayou_pond_b, serial_bayou_shore_b,
          serial_bayou_pond_b, serial_bayou_pond_b, cheibrodos_lair_reptile_den
Lair:2:   layout_regular_city, nicolae_swamp_entry_splash_gauntlet,
          nicolae_spider_entry_tight_spaces, basic_altar,
          small_statue_intersection, fungi_pond_lemuel,
          grunt_forest_large_clearing_hut
Lair:3:   layout_chaotic_city, basic_altar
Lair:4:   layout_gridlike, dpeg_oklob_1, uniq_snorg, uniq_sonja
Lair:5:   layout_regular_city, slime_altar_1
Lair:6:   hangedman_lair_caniforms_friends, layout_cave_pods,
          guppyfry_lair_end_dragon, portal_ice_cave_entry_ice_simulacra,
          roderic_batcave, minmay_shattered_shrine

Skill      XL: |  1  2  3  4  5  6  7  8  9 10 11 12 13 14 |
---------------+-------------------------------------------+-----
Unarmed Combat | 3 4 5 6 8 9 10 11 12 13 15 16 | 16.4
Invocations    | 4 7 8 |  8.0
Armour         | 4 6 8 10 11 | 11.0
Fighting       | 6 8 10 12 | 12.0
Shields        | 6 8 |  8.8
Dodging        | |  0.8

Action                   |  1- 3 |  4- 6 |  7- 9 | 10-12 | 13-15 || total
-------------------------+-------+-------+-------+-------+-------++-------
Melee: Unarmed           |   113 |   171 |   356 |   761 |   866 ||  2267
       Punch             |     1 |     4 |    13 |    29 |    57 ||   104
       Dagger            |       |       |     6 |     5 |     7 ||    18
 Fire: Arbalest          |       |       |       |    33 |       ||    33
Throw: Boomerang         |       |     6 |     2 |     6 |     2 ||    16
       Dart              |       |       |       |    40 |     4 ||    44
Invok: Depart the Abyss  |     1 |       |       |       |       ||     1
       Bend Space        |       |     2 |       |    15 |     1 ||    18
       Banish            |       |       |       |     2 |     7 ||     9
Evoke: Wand              |       |       |       |    24 |    10 ||    34
  Use: Scroll            |       |       |    10 |    15 |     4 ||    29
       Potion            |       |       |       |     4 |       ||     4
Armor: Leather armour    |    15 |       |       |       |       ||    15
       Ring mail         |    24 |     9 |       |       |       ||    33
       Chain mail        |       |    65 |   279 |    85 |   744 ||  1173
       Plate armour      |       |       |       |   698 |    59 ||   757
Dodge: Dodged            |    57 |    59 |   164 |   305 |   437 ||  1022

Table legend: (Time is in decaauts)
 A = Elapsed time spent in this place.
 B = Non-inter-level travel time spent in this place.
 C = Inter-level travel time spent in this place.
 D = Time resting spent in this place.
 E = Time spent auto-exploring this place.
 F = Levels seen in this place.
 G = Mean time per level.
                   A        B        C        D        E       F      G
               +--------+--------+--------+--------+--------+-----+--------+
         Total |  28134 |  27369 |    765 |  10311 |  11540 |  17 | 1654.9 |
       Dungeon |  13083 |  12625 |    458 |   4296 |   6038 |   9 | 1453.7 |
          Lair |  13387 |  13081 |    306 |   4782 |   5502 |   6 | 2231.2 |
         Abyss |     34 |     34 |      0 |      0 |      0 |   1 |   34.0 |
        Bailey |   1629 |   1629 |      0 |   1233 |      0 |   1 | 1629.0 |
               +--------+--------+--------+--------+--------+-----+--------+

Top non-repeatable levels by time:
  Lair:2: 3127 daAuts
  Lair:4: 2659 daAuts
     D:8: 2381 daAuts
     D:3: 2316 daAuts
  Lair:6: 2097 daAuts
  Lair:3: 1996 daAuts
  Lair:1: 1852 daAuts
     D:7: 1670 daAuts
  Lair:5: 1655 daAuts
     D:9: 1639 daAuts
  Bailey: 1629 daAuts
     D:6: 1228 daAuts
     D:4: 1108 daAuts
     D:1: 1058 daAuts
     D:5: 961 daAuts
